 Dungeon Crawl Stone Soup version 0.30.1-4-g462c640d31 (webtiles) character file.

Game seed: 3316689560698792353

261 FishyPogo the Insei (level 6, -3/39 HPs)
             Began as an Octopode Transmuter on Sept 16, 2023.
             Splashed by a jelly's acid (5 damage)
             ... on level 4 of the Dungeon.
             The game lasted 00:07:29 (3052 turns).

FishyPogo the Insei (Octopode Transmuter)           Turns: 3052, Time: 00:07:29

Health: -3/39      AC: -3    Str:  9    XL:     6   Next: 18%
Magic:  10/10      EV: 12    Int: 24    God:
Gold:   69         SH:  4    Dex: 14    Spells: 4/10 levels left

rFire   . . .        f - +4 dagger
rCold   . . .        e - +0 buckler of Marbles {Dex+2}
rNeg    . . .        (helmet currently unavailable)
rPois   .            (no amulet)
rElec   .            h - +6 ring of intelligence
rCorr   .            (no ring)
SInv    .            (no ring)
Will    .....        (no ring)
Stlth   +++          (no ring)
HPRegen 0.26/turn    (no ring)
MPRegen 0.12/turn    (no ring)
                     (no ring)

%: no passive effects
@: appendages (expiring), corroded
A: tentacle spike 3, almost no armour, amphibious, 8 rings, camouflage 1,
gelatinous body 1, (nimble swimmer 1), tentacles
a: End Transformation


You were on level 4 of the Dungeon.
One of your tentacles had grown a beastly spike.
You visited 1 branch of the dungeon, and saw 4 of its levels.
You also visited: Ossuary.

You collected 69 gold pieces.

Inventory:

Hand Weapons
 f - a +4 dagger (weapon)
Missiles
 g - 43 stones
 q - 3 poisoned darts
 s - 3 boomerangs
Armour
 e - the +0 buckler of Marbles (worn) {Dex+2}
   (You acquired it on level 4 of the Dungeon)

   Dex:       It affects your dexterity (+2).
Jewellery
 h - a +6 ring of intelligence (left tentacle)
Scrolls
 c - a scroll of amnesia
 j - 5 scrolls of identify
 l - a scroll of blinking {unknown}
 m - a scroll of enchant armour
 o - 2 scrolls of immolation {unknown}
 p - 3 scrolls of fog {unknown}
 u - 4 scrolls of teleportation
Potions
 a - 2 potions of lignification
 b - 3 potions of heal wounds
 d - a potion of degeneration {unknown}
 i - 2 potions of ambrosia {unknown}
 k - 3 potions of mutation
 n - 2 potions of curing
 r - a potion of attraction {unknown}
 t - 2 potions of cancellation {unknown}


   Skills:
 + Level 2.1 Fighting
 + Level 1.6 Short Blades
 - Level 2.0 Dodging
 + Level 1.8 Stealth
 + Level 1.2 Shields
 + Level 3.7 Unarmed Combat
 + Level 2.7 Spellcasting
 + Level 1.4 Necromancy
 * Level 3.5 Transmutations


You had 4 spell levels left.
You knew the following spells:

 Your Spells              Type           Power      Damage    Failure   Level
a - Beastly Appendage     Tmut           40%        N/A       3%          1
b - Wereblood             Tmut           20%        N/A       6%          2
c - Spider Form           Tmut/Pois      11%        N/A       24%         3

Your spell library contained the following spells:

 Spells                   Type           Power      Damage    Failure   Level
 Passwall                 Tmut/Erth      9%         N/A       12%         2
 Magic Dart               Conj           12%        1d3       17%         1
 Sandblast                Erth           6%         2d5       17%         1
 Slow                     Hex            12%        N/A       17%         1
 Searing Ray              Conj           6%         2d4       26%         2
 Vampiric Draining        Necr           10%        2d6       28%         3
 Confusing Touch          Hex            3%         N/A       45%         3
 Stone Arrow              Conj/Erth      6%         3d7       45%         3
 Ice Form                 Ice/Tmut       11%        N/A       63%         4
 Fulminant Prism          Conj/Hex       1%         3d5       86%         4


Dungeon Overview and Level Annotations

Branches:
Dungeon (4/15)            Ossuary (visited)
 Temple: D:4-7

Altars:


Innate Abilities, Weirdness & Mutations

One of your tentacles has grown a beastly spike.
You cannot wear most types of armour.
You are amphibious.
You can wear up to eight rings at the same time.
Your skin changes colour to match your surroundings (Stealth+).
Your rubbery body absorbs attacks. (AC +1, EV +1)
((You are camouflaged when in or above water. (Stealth+)))
You have tentacles for arms and can constrict up to eight enemies at once.


Message History

u - 2 scrolls of teleportation (gained 1)
m - a scroll of enchant armour
j - 2 scrolls of identify (gained 1)
j - 5 scrolls of identify (gained 3)
p - 3 scrolls labelled NEFOLEUFISM (gained 1)
u - 3 scrolls of teleportation (gained 1)
u - 4 scrolls of teleportation (gained 1)
t - 2 green potions Done exploring.
There is a gate leading back out of this place here.
Welcome back to the Dungeon!
There is a collapsed entrance here.
There is an open door here.
A jelly is nearby!
Casting: Wereblood (safe; 6% risk of failure)
Confirm with . or Enter, or press ? or * to list all spells.
One of your tentacles grows a vicious spike.
The jelly quivers.
Your transformation is almost over.
The jelly hits you.
You are splashed with acid.
You hit the jelly.
Your tentacles burn!
You squeeze the jelly, but do no damage.
The jelly is moderately wounded.
The jelly hits you. The acid corrodes you!
You are splashed with acid!
You hit the jelly.
Your tentacles burn!
You squeeze the jelly.
The jelly is severely wounded.
The jelly hits you.
You are splashed with acid.
* * * LOW HITPOINT WARNING * * *
You block the jelly's attack.
You hit the jelly but do no damage.
Your tentacles burn!
* * * LOW HITPOINT WARNING * * *
The jelly is severely wounded.
The jelly barely misses you.
You hit the jelly.
Your tentacles burn!
* * * LOW HITPOINT WARNING * * *
You pierce the jelly, but do no damage.
The jelly is severely wounded.
The jelly closely misses you.
You hit the jelly.
Your tentacles burn!
You die...

#.##.. ..
#..#.# ...
###....##...
#...........
#...........
####
...........
...###..J......
#.....@./.# #
###.....##.#
##. ##.##....#
#..##...##...#
# ...##.#'....#
#.##..###.....#
#......#......#
#.............#
#.............#


You could see a jelly.

Vanquished Creatures
  Menkaure (Ossuary)
  3 mummies (Ossuary)
  An adder (D:3)
  A worm (D:2)
  An orc (D:3)
  3 ball pythons
  4 endoplasms
  2 giant cockroaches
  6 hobgoblins
  2 quokkas (D:1)
  3 bats
  A frilled lizard (D:2)
  3 gnoll skeletons (Ossuary)
  4 gnoll zombies (Ossuary)
  3 goblins
  6 goblin skeletons (Ossuary)
  4 goblin zombies (Ossuary)
  4 hobgoblin skeletons (Ossuary)
  2 hobgoblin zombies (Ossuary)
  7 kobolds
  6 kobold skeletons (Ossuary)
  8 kobold zombies (Ossuary)
  2 orc skeletons (Ossuary)
  4 orc zombies (Ossuary)
  9 rats
  4 rat skeletons (Ossuary)
  3 rat zombies (Ossuary)
97 creatures vanquished.

Notes
Turn   | Place    | Note
-------+----------+-------------------------------------------
     0 | D:1      | FishyPogo the Octopode Transmuter began the quest for the
                  | Orb.
     0 | D:1      | Reached XP level 1. HP: 13/13 MP: 3/3
   272 | D:1      | Reached XP level 2. HP: 18/18 MP: 5/5
   844 | D:2      | Reached XP level 3. HP: 23/23 MP: 6/6
  2278 | D:3      | Found a faded altar of an unknown god.
  2522 | D:3      | Reached XP level 4. HP: 26/28 MP: 5/7
  2568 | D:3      | Learned a level 2 spell: Wereblood
  2572 | D:3      | Learned a level 3 spell: Spider Form
  2628 | D:4      | Identified a scroll of acquirement
  2628 | D:4      | Acquired the +0 buckler of Marbles {Dex+2}
  2717 | D:4      | Found a sand-covered staircase.
  2722 | Ossuary  | Entered an ossuary
  2869 | Ossuary  | Reached skill level 1 in Short Blades
  2963 | Ossuary  | Reached skill level 1 in Necromancy
  2966 | Ossuary  | Noticed Menkaure
  2970 | Ossuary  | Killed Menkaure
  2971 | Ossuary  | Reached skill level 1 in Stealth
  2971 | Ossuary  | Reached skill level 1 in Shields
  2971 | Ossuary  | Reached XP level 5. HP: 34/34 MP: 5/9
  2971 | Ossuary  | Reached XP level 6. HP: 39/39 MP: 5/10
  3051 | D:4      | HP: 1/39 [acid (3)]
  3052 | D:4      | Splashed by a jelly's acid

Illustrated notes

Levels and vault maps discovered:
D:1:      dpeg_arrival_pits, layout_basic
D:2:      mumra_celtic_spiral_tile, layout_basic, kennysheep_crisscross,
          minmay_misc_feat_four_crosses
D:3:      layout_basic, hellmonk_ecumenical_altar_heavens_door
D:4:      kennysheep_the_goblin_king, layout_basic, serial_shops, shop,
          enter_ossuary_5

Skill      XL: |  1  2  3  4 |
---------------+-------------+-----
Transmutations | 3 |  3.5
Short Blades   | 1 |  1.6
Necromancy     | 1 |  1.4
Fighting       | 2 |  2.1
Stealth        | 1 |  1.8
Shields        | 1 |  1.2
Dodging        | |  2.0
Unarmed Combat | |  3.7
Spellcasting   | |  2.7

Action                     |  1- 3 |  4- 6 || total
---------------------------+-------+-------++-------
  Melee: Unarmed           |     9 |       ||     9
         Dagger            |    60 |    93 ||   153
         Constrict         |    19 |    36 ||    55
         Kick              |    21 |    21 ||    42
         Tentacles         |    13 |    25 ||    38
         Punch             |     1 |       ||     1
   Cast: Beastly Appendage |    34 |     9 ||    43
         Wereblood         |       |     5 ||     5
    Use: Scroll            |       |     8 ||     8
         Potion            |       |     1 ||     1
   Stab: Sleeping          |     6 |     2 ||     8
 Armour: Skin              |     5 |     7 ||    12
  Dodge: Dodged            |    39 |    30 ||    69
  Block: Buckler           |       |     9 ||     9
